 Dungeon Crawl Stone Soup version 0.23.2-1-ga50397a (webtiles) character file.

Game seed: 1586542683596469668

648 Inchmeat the Cleaver (level 7, -2/56 HPs)
             Began as a Hill Orc Gladiator on May 25, 2019.
             Was a Believer of Makhleb.
             Killed by nerve-wracking pain
             ... invoked by an orc priest
              (13 damage)
             ... on level 6 of the Dungeon.
             The game lasted 00:04:50 (4729 turns).

Inchmeat the Cleaver (Hill Orc Gladiator)           Turns: 4729, Time: 00:04:51

Health: -2/56      AC: 14    Str: 19    XL:     7   Next: 53%
Magic:  7/7        EV:  8    Int:  8    God:    Makhleb [**....]
Gold:   248        SH:  5    Dex: 12    Spells: 6/6 levels left

rFire    + + .     SeeInvis .   a - +1 war axe
rCold    . . .     Gourm    .   r - +0 buckler
rNeg     . . .     Faith    .   p - +3 chain mail {rF+}
rPois    .         Spirit   .   c - +0 helmet
rElec    .         Reflect  .   (no cloak)
rCorr    .         Harm     .   q - +1 pair of gloves
MR       .....                  (no boots)
Stlth    ..........             (no amulet)
HPRegen  0.18/turn              i - ring of protection from fire
MPRegen  0.10/turn              (no ring)

@: no status effects
A: no striking features
a: Minor Destruction, Renounce Religion, Convert to Beogh


You were on level 6 of the Dungeon.
You worshipped Makhleb.
Makhleb was pleased with you.
You were hungry.

You visited 1 branch of the dungeon, and saw 6 of its levels.

You collected 248 gold pieces.

Inventory:

Hand Weapons
 a - a +1 war axe (weapon)
Missiles
 d - 2 throwing nets (quivered)
Armour
 b - a +0 leather armour
 c - a +0 helmet (worn)
 p - a +3 chain mail of fire resistance (worn)
 q - a +1 pair of gloves (worn)
 r - a +0 buckler (worn)
Jewellery
 i - a ring of protection from fire (left hand)
 j - an uncursed ring of ice
Wands
 l - a wand of polymorph (2)
Scrolls
 e - a scroll of blinking {unknown}
 m - 2 scrolls of remove curse {@r2}
 t - a scroll of identify {@r1}
 u - 2 scrolls of teleportation
Potions
 g - a potion of resistance {unknown}
 h - 2 potions of cancellation {unknown}
 k - 2 potions of ambrosia {unknown}
 n - 3 potions of heal wounds
 o - a potion of haste
 s - 2 potions of curing {unknown}
 v - 2 potions of lignification {unknown}
 w - 3 potions of berserk rage {unknown}
 x - a potion of flight {unknown}
 z - a potion of might
Comestibles
 f - 9 rations


   Skills:
 - Level 2.4 Fighting
 + Level 9.7 Axes
 - Level 1.7 Throwing
 - Level 2.4 Dodging
 - Level 4.3 Shields


You had 6 spell levels left.
You didn't know any spells.
Your spell library was empty.

Dungeon Overview and Level Annotations

Branches:
Dungeon (6/15)
 Temple: D:4-7

Altars:
Elyvilon
Fedhas
Makhleb
Nemelex Xobeh
Wu Jian


Message History

Ye closely miss tha orc priest.
Tha orc priest hits ye but does nay damage.
Ye barely miss tha orc priest.
Tha orc priest shouts, "Join tha 'un true god or die!"
Tha orc priest hits ye but does nay damage.
Ye barely miss tha orc priest.
Tha orc priest hits ye but does nay damage.
Tha wyvern zombie completely misses ye.
Tha orc priest shouts, "Surrender ta Beogh an' we'll let ye live!"
Ye hit tha orc priest.
Tha orc priest be heavily wounded.
Ye hit tha wyvern zombie.
Tha orc priest hits ye but does nay damage.
Ye block tha wyvern zombie's attack.
Yer chain mail prevents ye from hittin' tha orc priest.
Tha orc priest be heavily wounded.
Ye hit tha wyvern zombie.
Tha wyvern zombie closely misses ye.
Tha orc priest calls down tha wrath o' Beogh upon ye.
Pain shoots through yer body!
Ye die...

##..#........#
###..........#....
###....####..#.#....
##......>.....#.##...
.................# ..
................##
.......).......[.##
..................#
....##.....@.......
.... #....!Zo....##
.<. #.....##.....#
.......##.## ......
..... ... ..#..
?..##.##.## ..# . ...
# ..# .. .. ... .##
....


You could see an orc priest and a wyvern zombie.

Vanquished Creatures
  An ice beast (D:4)
  A phantom (D:4)
  An ogre (D:6)
  An orc priest (D:5)
  A centaur skeleton (D:4)
  2 orc wizards
  Terence (D:2)
  A worker ant (D:5)
  A killer bee zombie (D:6)
  A hound zombie (D:5)
  A worker ant zombie (D:5)
  4 gnolls (D:5)
  An adder (D:3)
  A shadow imp (D:5)
  3 oozes
  4 worms
  2 dart slugs (D:1)
  5 leopard geckos
  9 orcs
  11 giant cockroaches
  11 hobgoblins
  7 jackals
  2 quokkas
  8 bats
  3 frilled lizards
  4 goblins
  A jackal skeleton (D:4)
  5 kobolds
  10 rats
103 creatures vanquished.

Notes
Turn   | Place    | Note
-------+----------+-------------------------------------------
     0 | D:1      | Inchmeat the Hill Orc Gladiator began the quest for the
                  | Orb.
     0 | D:1      | Reached XP level 1. HP: 18/18 MP: 1/1
   256 | D:1      | Reached XP level 2. HP: 25/25 MP: 2/2
   314 | D:1      | Reached skill level 5 in Axes
   536 | D:1      | Reached XP level 3. HP: 30/30 MP: 3/3
   780 | D:2      | Found a sparkling altar of Nemelex Xobeh.
   782 | D:2      | Found a burning altar of Makhleb.
   849 | D:2      | Became a worshipper of Makhleb the Destroyer
   936 | D:2      | Noticed Terence
   945 | D:2      | Killed Terence
   945 | D:2      | Reached skill level 6 in Axes
   945 | D:2      | Reached XP level 4. HP: 22/37 MP: 4/4
  1568 | D:3      | Reached skill level 7 in Axes
  1568 | D:3      | Reached XP level 5. HP: 12/42 MP: 5/5
  1945 | D:3      | Reached * piety under Makhleb
  1953 | D:3      | Reached skill level 1 in Shields
  1986 | D:3      | Found an ornate altar of the Wu Jian Council.
  2154 | D:3      | Found a white marble altar of Elyvilon.
  2610 | D:4      | You fall through a shaft!
  2610 | D:5      | Entered Level 5 of the Dungeon
  2610 | D:5      | Found a blossoming altar of Fedhas.
  2836 | D:5      | Reached XP level 6. HP: 30/50 MP: 6/6
  3156 | D:5      | Reached skill level 8 in Axes
  3159 | D:5      | Reached ** piety under Makhleb
  4011 | D:4      | Noticed a phantom
  4057 | D:4      | Killed a phantom
  4230 | D:4      | Noticed an ice beast
  4240 | D:4      | Killed an ice beast
  4240 | D:4      | Reached skill level 9 in Axes
  4240 | D:4      | Reached XP level 7. HP: 46/56 MP: 7/7
  4729 | D:6      | Killed from afar by an orc priest

Skill      XL: |  1  2  3  4  5  6 |
---------------+-------------------+-----
Axes           | 5 6 7 9 |  9.7
Shields        | 2 4 |  4.3
Fighting       | |  2.4
Throwing       | |  1.7
Dodging        | |  2.4

Action                   |  1- 3 |  4- 6 |  7- 9 || total
-------------------------+-------+-------+-------++-------
Melee: War axe           |    75 |   202 |    38 ||   315
Throw: Throwing net      |       |     1 |       ||     1
  Use: Scroll            |       |    10 |       ||    10
  Eat: Chunk             |       |     8 |       ||     8
       Ration            |       |     1 |       ||     1
Armor: Leather armour    |    29 |       |       ||    29
       Chain mail        |       |   120 |    18 ||   138
       Skin              |       |     4 |       ||     4
Dodge: Dodged            |    70 |   112 |    14 ||   196
Block: Buckler           |       |    24 |     4 ||    28
